groovejumper, chaotic female human Monk --- . . . . . . --|----- |......| |......| |M@....| |......| |......| -------- groovejumper the Initiate Experience level: 7 Strength: 18/01 Dexterity: 12 Constitution: 11 Intelligence: 11 Wisdom: 13 Charisma: 11 Health: 0(54) Energy: 21(26) AC: 2 Gold: 449 Moves: 3741 Your Inventory: Coins $ - 449 gold pieces Weapons M - an [uncursed] rustproof [+4] broadsword named Luck Blade [Luck Blade] Armor a - an uncursed +2 pair of leather gloves (being worn) b - an uncursed +1 robe (being worn) l - an uncursed +0 orcish helm (being worn) p - an uncursed +0 pair of jumping boots (being worn) V - an uncursed +0 pair of water walking boots Comestibles f - 3 uncursed food rations K - 2 [uncursed] cream pies Scrolls d - an uncursed scroll of magic mapping v - an [uncursed] scroll of identify w - 3 [uncursed] unlabeled scrolls [of blank paper] x - 2 [uncursed] scrolls of remove curse y - an uncursed scroll of gold detection z - an uncursed scroll of light A - an uncursed scroll of taming D - an [uncursed] scroll of punishment G - a [blessed] scroll of remove curse H - an uncursed scroll of punishment I - an uncursed scroll of confuse monster J - a [cursed] scroll of remove curse P - an uncursed scroll of create monster Spellbooks c - a blessed spellbook of sleep s - an [uncursed] spellbook of wizard lock t - an [uncursed] spellbook of detect monsters E - an [uncursed] spellbook of create monster Potions m - an uncursed potion of sleeping n - a cursed ochre potion [of gain ability] u - an uncursed potion of confusion Rings F - an uncursed ring of slow digestion (on right hand) Y - an uncursed ring of polymorph control Wands L - an [uncursed] wand of enlightenment [0:10] R - an uncursed wand of striking (1:0) Tools i - an [uncursed] key [skeleton key] j - an uncursed oil lamp (0:1098) k - an uncursed [tin] whistle o - an [uncursed] leash N - an [uncursed tin] whistle Q - an [uncursed] looking glass [mirror] Gems X - an [uncursed] gray stone named touch [touchstone] Spells known in the end: Name Level Category Fail Memory a - sleep 1 enchantment 0% [|||||||.] b - wizard lock 2 matter 59% [||||||||] c - detect monsters 1 divination 0% [||||||||] d - create monster 2 clerical 59% [||||||||] Your skills at the end: Fighting Skills martial arts [Skilled / Grand Master] Weapon Skills Spellcasting Skills healing spells [Basic / Expert] Final Attributes: You were piously aligned. Hunger level was 594. Your alignment was 28 / 28. Monster difficulty range was 1 - 8. Level difficulty was 10. You were immune to sleep. You were immune to poison. You saw invisible. You were warned. You were stealthy. You could jump. You had slower digestion. You were fast. You were lucky (4). You had extra luck. Bad luck did not time out for you. Good luck did not time out for you. You are dead. Vanquished creatures: a giant mimic a large mimic 2 small mimics a tengu a wolf a leprechaun a black light a gold golem a Woodland-elf a rock piercer a fog cloud a little dog a kitten a kobold shaman a giant bat a wererat 2 acid blobs 3 manes 2 large kobolds a hobgoblin 3 giant rats 2 yellow molds a green mold 5 Keystone Kops 3 garter snakes 5 geckos 7 jackals 2 goblins 2 sewer rats 9 grid bugs a bat 2 lichens 2 kobold zombies 6 newts 75 creatures vanquished. Voluntary challenges: You were vegetarian. You never hit with a wielded weapon. You read items or engraved 32 times. You put on armor 10 times. You never genocided any monsters. You never polymorphed an object. You never changed form. You used no wishes. You wrote Elbereth's name 3 times. You never encountered a bones level. You never used any Sokoban shortcuts. Dungeon overview: The Dungeons of Doom: levels 1 to 10 Level 1 a fountain a long staircase Level 2 a general store, an altar to Huan Ti Level 3 an armor shop, a fountain a long staircase Level 4 a general store Level 5 a scroll shop Level 7 a sink Level 10 <- You were here History has recorded: On T:1 you entered the Dungeons of Doom to retrieve the Amulet of Yendor! On T:313 you advanced to experience level 2. On T:318 you reached level 2 of The Dungeons of Doom. On T:632 you advanced to experience level 3. On T:1801 you advanced to experience level 4. On T:2301 you advanced to experience level 5. On T:2307 you received Luck Blade from Huan Ti. On T:2469 you reached level 3 of The Dungeons of Doom. On T:2634 you advanced to experience level 6. On T:2808 you reached level 4 of The Dungeons of Doom. On T:3119 you reached level 5 of The Dungeons of Doom. On T:3467 you advanced to experience level 7. On T:3519 you reached level 6 of The Dungeons of Doom. On T:3579 you reached level 7 of The Dungeons of Doom. On T:3653 you reached level 10 of The Dungeons of Doom. Latest messages: You hear a door open. [HP+1=27] [HP+1=28] You see a door open. You stop waiting. [15 turns] You write "Elbereth" with your fingers into the dust. The giant mummy turns to flee! You hit the giant mummy! (2x) [HP+1=29] Something is written here in the dust. You read: "Zzb\ret?E|xj?yhh\lbVrNtKE?b.jm/5ED|e?VtP(|b)rqt2E`bpr^;iElEt~ethnZbereCEE$,e+Zecv:4nTethblqe1eth". Something is written here in the dust. You read: "?|? ?n". Something is written here in the dust. You read: "Zzb\ret?E|xj?yhh\lbVrNtKE?b.jm/5ED|e?VtP(|b)rqt2E`?pr^;iElEt~ethnZbereCEE$,e+Zecv:4nTethblqe1eth". You hit the giant mummy! [HP+1=30] You hit the giant mummy! The giant mummy hits! (2x) [HP-20=10] You hit the giant mummy! The giant mummy hits! You die... Final status: Punardarsanaya groovejumper the Monk... You died in The Dungeons of Doom on dungeon level 10 with 879 points, and 449 pieces of gold, after 3741 moves. You were level 7 with a maximum of 54 hit points when you died.